 Dungeon Crawl Stone Soup version 0.25-a0-578-gc91f01c39c (webtiles) character file.

Game seed: 11062628272474475314, levelgen mode: deterministic

340 Flugslaktarn the Chopper (level 6, -11/55 HPs)
             Began as a Minotaur Fighter on Mar 3, 2020.
             Was an Initiate of Makhleb.
             Mangled by an ogre
             ... wielding a +0 giant club
              (26 damage)
             ... on level 4 of the Dungeon.
             The game lasted 00:01:12 (1712 turns).

Flugslaktarn the Chopper (Minotaur Fighter)         Turns: 1712, Time: 00:01:13

Health: -11/55     AC:  7    Str: 23    XL:     6   Next: 30%
Magic:  6/6        EV:  7    Int:  5    God:    Makhleb [......]
Gold:   65         SH:  9    Dex:  4    Spells: 5/5 levels left

rFire    . . .     SeeInvis .   a - +0 war axe
rCold    x . .     Gourm    .   c - +0 kite shield
rNeg     . . .     Faith    .   b - +0 scale mail
rPois    +         Spirit   .   (helmet restricted)
rElec    +         Reflect  .   (no cloak)
rCorr    .         Harm     .   (no gloves)
MR       .....                  (no boots)
Stlth    ..........             k - amulet "Qisag Ciegadgh" {Inacc rElec rPois rC- Dex-5}
HPRegen  0.18/turn              (no ring)
MPRegen  0.10/turn              (no ring)

@: no status effects
A: retaliatory headbutt, horns 2
a: Renounce Religion


You were on level 4 of the Dungeon.
You worshipped Makhleb.
Makhleb was noncommittal.
You were hungry.

You visited 2 branches of the dungeon, and saw 5 of its levels.

You collected 65 gold pieces.

Inventory:

Hand Weapons
 a - a +0 war axe (weapon)
Armour
 b - a +0 scale mail (worn)
 c - a +0 kite shield (worn)
Jewellery
 k - the amulet "Qisag Ciegadgh" (around neck) {Inacc rElec rPois rC- Dex-5}
   (You found it on level 4 of the Dungeon)

   [amulet of inaccuracy]

   It reduces the accuracy of all your attacks.
   It affects your dexterity (-5).
   It makes you vulnerable to cold.
   It insulates you from electricity.
   It protects you from poison.
Scrolls
 f - 2 scrolls of teleportation {unknown}
Potions
 d - a potion of might
 g - 2 potions of brilliance {unknown}
 h - a potion of heal wounds {unknown}
 i - a potion of lignification {unknown}
Comestibles
 e - 5 rations


   Skills:
 + Level 4.8 Fighting
 * Level 5.3 Axes
 + Level 4.8 Armour
 + Level 4.9 Shields
 + Level 1.5 Invocations


You had 5 spell levels left.
You didn't know any spells.
Your spell library was empty.

Dungeon Overview and Level Annotations

Branches:
Dungeon (4/15)             Temple (1/1) D:4

Altars:
Ashenzari
Cheibriados
Dithmenos
Elyvilon
Hepliaklqana
Kikubaaqudgha
Makhleb
Nemelex Xobeh
Okawaru
Qazlal
Ru
Trog
Uskayaw
Wu Jian
The Shining One


Innate Abilities, Weirdness & Mutations

You reflexively headbutt those who attack you in melee.
You have a pair of horns on your head.


Message History

You are too injured to fight recklessly!
You are too injured to fight recklessly!
You are too injured to fight recklessly!
You are too injured to fight recklessly!
You are too injured to fight recklessly!
You are too injured to fight recklessly!
You are too injured to fight recklessly!
You are too injured to fight recklessly!
You are too injured to fight recklessly!
You are too injured to fight recklessly!
You are too injured to fight recklessly!
You barely miss the ogre.
The ogre is severely wounded.
You barely miss the giant cockroach. You block the giant cockroach's attack.
You block the ogre's attack. The giant cockroach barely misses you.
You closely miss the ogre.
The ogre is severely wounded.
You closely miss the giant cockroach. You block the giant cockroach's attack.
The ogre hits you with a +0 giant club!!
You die...

#..#######.........#
#.#
#.............)....#
#.#
#.#########........#
#.# #.. #........#
..# ### #........#
#.# #........# ###
#........#
##.#....## #.#@####
#...sO.# #......#
#......# #......#
#......# .......#
........#


You could see an ogre and a giant cockroach.

Vanquished Creatures
  Edmund (D:3)
  A centaur (D:4)
  A howler monkey (D:4)
  A hound (D:3)
  A worker ant (D:4)
  2 adders
  2 worms
  A dart slug (D:2)
  2 leopard geckos
  2 ball pythons
  4 bats
  A giant cockroach (D:2)
  A goblin (D:1)
  2 hobgoblins
  3 jackals (D:2)
  A frilled lizard (D:2)
  2 kobolds (D:3)
  3 rats
31 creatures vanquished.

Notes
Turn   | Place    | Note
-------+----------+-------------------------------------------
     0 | D:1      | Flugslaktarn the Minotaur Fighter began the quest for the
                  | Orb.
     0 | D:1      | Reached XP level 1. HP: 19/19 MP: 0/0
   290 | D:2      | Found a sacrificial altar of Ru.
   295 | D:2      | Reached XP level 2. HP: 27/27 MP: 1/1
   318 | D:2      | Reached skill level 3 in Axes
   367 | D:2      | Found a bloodstained altar of Trog.
   470 | D:2      | Reached XP level 3. HP: 33/33 MP: 2/2
   616 | D:3      | Reached XP level 4. HP: 38/40 MP: 3/3
   723 | D:4      | Reached skill level 4 in Axes
   759 | D:4      | Got a pitted zirconium amulet
   845 | D:4      | Found a staircase to the Ecumenical Temple.
   853 | Temple   | Entered the Ecumenical Temple
   854 | Temple   | Identified the amulet "Qisag Ciegadgh" {Inacc rElec rPois
                  | rC- Dex-5} (You found it on level 4 of the Dungeon)
   923 | Temple   | Became a worshipper of Makhleb the Destroyer
   987 | D:4      | Noticed Edmund
   992 | D:4      | Noticed a centaur
  1008 | D:4      | Killed a centaur
  1008 | D:4      | Reached XP level 5. HP: 18/47 MP: 4/4
  1083 | D:3      | Killed Edmund
  1083 | D:3      | Reached skill level 5 in Axes
  1083 | D:3      | Reached skill level 1 in Invocations
  1083 | D:3      | Reached XP level 6. HP: 9/53 MP: 4/6
  1712 | D:4      | Mangled by an ogre

Levels and vault maps discovered:
D:1:      dpeg_arrival_three_smaller_balls, layout_basic, minmay_split_cup_large
D:2:      layout_basic, led_sif_pool, lemuel_round_altar,
          nicolae_ru_sacrificial_ziggurat, hangedman_glass_teeth,
          minmay_distorted
D:3:      layout_rooms, marbit_many_paths, tgw_xom
D:4:      layout_basic, zin_statuary, nicolae_overflow_hidden_temple,
          temple_green, first_ration, uniq_crazy_yiuf_cottage, uniq_edmund
Temple:   regret_index_temple_waves

Skill      XL: |  1  2  3  4  5 |
---------------+----------------+-----
Axes           | 3 4 5 |  5.3
Fighting       | 4 |  4.8
Armour         | 4 |  4.8
Shields        | 4 |  4.9
Invocations    | 1 |  1.5

Action                   |  1- 3 |  4- 6 || total
-------------------------+-------+-------++-------
Melee: War axe           |    67 |    75 ||   142
       Headbutt          |     5 |    11 ||    16
  Use: Scroll            |       |     1 ||     1
  Eat: Chunk             |       |     2 ||     2
Armor: Scale mail        |    33 |    22 ||    55
       Skin              |       |     9 ||     9
Dodge: Dodged            |    23 |    15 ||    38
Block: Kite shield       |    48 |    42 ||    90

Table legend:
 A = Non-vault XP
 B = Vault XP
 C = Vault XP percentage of total XP
 D = Non-vault monster count
 E = Vault monster count
 F = Vault count percentage of total count
                 A         B        C        D         E       F
            +---------+---------+-------+---------+---------+-------
      Total |     332 |     154 |  31.7 |      30 |       1 |   3.2
            +---------+---------+-------+---------+---------+-------
        D:1 |      10 |       0 |   0.0 |       5 |       0 |   0.0
        D:2 |      32 |       0 |   0.0 |      10 |       0 |   0.0
        D:3 |      62 |     154 |  71.3 |      10 |       1 |   9.1
        D:4 |     228 |       0 |   0.0 |       5 |       0 |   0.0
            +---------+---------+-------+---------+---------+-------
